 Dungeon Crawl Stone Soup version 0.25.1-2-g60ff931df9 (webtiles) character file.

Game seed: 4634411875894819294

59 DogServant the Ruffian (level 4, 0/38 HPs)
             Began as a Naga Transmuter on Nov 10, 2020.
             Killed by divine providence
             ... invoked by an orc priest
              (10 damage)
             ... on level 3 of the Dungeon.
             The game lasted 00:01:54 (2542 turns).

DogServant the Ruffian (Naga Transmuter)            Turns: 2542, Time: 00:01:55

Health: 0/38       AC:  2    Str: 13    XL:     4   Next: 3%
Magic:  6/7        EV: 10    Int: 14    God:
Gold:   129        SH:  0    Dex: 11    Spells: 1/7 levels left

rFire    . . .     SeeInvis +     - Unarmed
rCold    . . .     Gourm    .   (no shield)
rNeg     . . .     Faith    .   b - +0 robe
rPois    +         Spirit   .   (no helmet)
rElec    .         Reflect  .   (no cloak)
rCorr    .         Harm     .   (no gloves)
MR       .....                  (no barding)
Stlth    +.........             n - amulet of the acrobat
HPRegen  0.12/turn              (no ring)
MPRegen  0.10/turn              (no ring)

@: appendage (expiring), very slow
A: large, horns 2, see invisible, deformed body, poison resistance, slowness 2,
slow metabolism 1, spit poison 1, AC +1
a: Spit Poison, End Transformation


You were on level 3 of the Dungeon.
You were hungry.
You had grown temporary horns.
You visited 1 branch of the dungeon, and saw 3 of its levels.

You collected 129 gold pieces.

Inventory:

Missiles
 a - 34 arrows
 l - 10 poisoned darts (quivered)
Armour
 b - a +0 robe (worn)
Jewellery
 n - an amulet of the acrobat (around neck)
Scrolls
 c - a scroll of teleportation {unknown}
 g - 2 scrolls of identify {unknown}
 i - 2 scrolls of remove curse {unknown}
 j - a scroll of fog {unknown}
 m - a scroll of noise {unknown}
 o - a scroll of fear {unknown}
 p - 2 scrolls of blinking {unknown}
Potions
 e - a potion of resistance {unknown}
 f - a potion of brilliance {unknown}
 h - a potion of heal wounds {unknown}
 k - a potion of degeneration {unknown}
 q - a potion of berserk rage {unknown}
Comestibles
 d - 4 rations


   Skills:
 - Level 1.0 Fighting
 - Level 1.5 Dodging
 + Level 4.0 Unarmed Combat
 - Level 2.0 Spellcasting
 + Level 3.2 Transmutations


You had one spell level left.
You knew the following spells:

 Your Spells              Type           Power        Failure   Level  Hunger
a - Beastly Appendage     Tmut           ##....       6%          1    ##.....
b - Sticks to Snakes      Tmut           ##......     10%         2    ###....
c - Spider Form           Tmut/Pois      #.........   36%         3    ####...

Your spell library contained the following spells:

 Spells                   Type           Power        Failure   Level  Hunger
 Ice Form                 Ice/Tmut       #.......     77%         4    #####..
 Blade Hands              Tmut           ##........   86%         5    ######.


Dungeon Overview and Level Annotations

Branches:
Dungeon (3/15)

Altars:
Yredelemnul


Innate Abilities, Weirdness & Mutations

You cannot wear boots.
Your serpentine skin is tough. (AC +1)
You have supernaturally acute eyesight. (SInv)
Armour fits poorly on your strangely shaped body.
Your system is resistant to poisons. (rPois)
You cover ground very slowly.
You have a slow metabolism.
You can spit poison.
You have a pair of horns on your head.


Message History

You closely miss the orc priest. Your headbutt misses the orc priest.
The orc priest is lightly wounded.
The orc priest calls down the wrath of Beogh upon you.
Beogh smites you!
You hit the orc priest but do no damage.
The orc priest is lightly wounded.
Your transformation is almost over.
You have got your breath back.
The orc priest invokes the aid of Beogh against you.
Beogh smites you!
* * * LOW HITPOINT WARNING * * *
Okay, then.
You hit the orc priest but do no damage.
The orc priest is lightly wounded.
The orc priest barely misses you.
You closely miss the orc priest. You headbutt the orc priest!
The orc priest is severely wounded.
The orc priest invokes the aid of Beogh against you.
Beogh smites you!
You die...

#.#...# #####
#.#.#####>..#
#.#.[.....#.#
#.#########.#
#.....##....#
###<...#.####
######.#
#.....#
#@##### #.o#
)...# .((#.##
...#..# (.
... . . ..
..###


You could see an orc priest.

Vanquished Creatures
  A worker ant (D:2)
  A worm (D:3)
  A dart slug (D:1)
  A leopard gecko (D:2)
  2 giant cockroaches
  5 goblins
  2 hobgoblins
  2 jackals (D:2)
  A quokka (D:2)
  4 bats
  2 frilled lizards (D:1)
  3 kobolds
  A rat (D:2)
26 creatures vanquished.

Notes
Turn   | Place    | Note
-------+----------+-------------------------------------------
     0 | D:1      | DogServant the Naga Transmuter began the quest for the Orb.
     0 | D:1      | Reached XP level 1. HP: 18/18 MP: 3/3
   119 | D:1      | Reached XP level 2. HP: 25/25 MP: 3/5
  1262 | D:2      | Found a basalt altar of Yredelemnul.
  1283 | D:2      | Learned a level 2 spell: Sticks to Snakes
  1492 | D:2      | Reached XP level 3. HP: 22/31 MP: 4/6
  2261 | D:3      | Reached skill level 4 in Unarmed Combat
  2261 | D:3      | Reached XP level 4. HP: 9/38 MP: 5/7
  2266 | D:3      | Learned a level 3 spell: Spider Form
  2542 | D:3      | Killed from afar by an orc priest

Illustrated notes

Levels and vault maps discovered:
D:1:      wander_arrival_lonely_grave, layout_basic
D:2:      layout_basic, lemuel_doored_altar
D:3:      layout_basic, first_ration, hex_tiny, fedhas_altar_fruit_tree

Skill      XL: |  1  2  3 |
---------------+----------+-----
Transmutations | 3 |  3.2
Unarmed Combat | 4 |  4.0
Fighting       | |  1.0
Dodging        | |  1.5
Spellcasting   | |  2.0

Action                   |  1- 3 |  4- 6 || total
-------------------------+-------+-------++-------
Melee: Unarmed           |    71 |     7 ||    78
       Headbutt          |     5 |     1 ||     6
Throw: Dart              |       |     3 ||     3
 Cast: Beastly Appendage |    13 |     1 ||    14
 Abil: Spit Poison       |    17 |     1 ||    18
  Eat: Chunk             |     4 |       ||     4
Armor: Robe              |    26 |       ||    26
Dodge: Dodged            |    52 |     2 ||    54
